 Dungeon Crawl Stone Soup version 0.18-a0-844-g9229740 (webtiles) character file.

10 Raultor the Skirmisher (level 2, 18/24 HPs)
             Began as a Demonspawn Fighter on Dec 19, 2015.
             Quit the game on level 1 of the Dungeon.
             The game lasted 00:01:16 (160 turns).

Raultor the Skirmisher (Demonspawn Fighter)          Turns: 160, Time: 00:01:17

Health: 18/24      AC:  6    Str: 16    XL:     2   Next: 10%
Magic:  2/2        EV:  6    Int:  9    God:
Gold:   0          SH:  8    Dex: 12    Spells: 0 memorised, 1 level left

rFire  . . .     SeeInvis .     a - +0 flail
rCold  . . .     Gourm    .     b - +0 scale mail
rNeg   . . .     Faith    .     c - +0 shield
rPois  .         Spirit   .     (no helmet)
rElec  .         Dismiss  .     (no cloak)
rCorr  .         Reflect  .     (no gloves)
SustAt .         Harm     .     (no boots)
MR     .....                    (no amulet)
Stlth  ..........               (no ring)
                                (no ring)

@: not resistant to hostile enchantments, extremely unstealthy
A: claws 1
a: no special abilities


You were on level 1 of the Dungeon.
You were not hungry.

You visited 1 branch of the dungeon, and saw 1 of its levels.

Inventory:

Hand Weapons
 a - a +0 flail (weapon)
Armour
 b - a +0 scale mail (worn)
 c - a +0 shield (worn)
Scrolls
 e - a scroll of immolation {unknown}
 h - a scroll of recharging {unknown}
Potions
 d - a potion of might
 i - a potion of ambrosia {unknown}
Comestibles
 f - a bread ration {@e1}
 g - 3 chunks of flesh {@w0}


   Skills:
 + Level 3.1 Fighting
 * Level 2.0 Maces & Flails
 + Level 2.8 Armour
 + Level 2.9 Shields


You had one spell level left.
You didn't know any spells.

Dungeon Overview and Level Annotations

Branches:
Dungeon (1/15)

Altars:


Innate Abilities, Weirdness & Mutations

You have sharp fingernails.


Message History

A goblin comes into view.
The goblin shouts!
Found a stone staircase leading down.
The goblin hits you but does no damage.
You hit the goblin. The goblin hits you but does no damage.
You hit the goblin but do no damage. The goblin hits you but does no damage.
You sock the goblin!
You kill the goblin!
No target in view!
You see here a goblin corpse.
You butcher the goblin corpse.
g - 2 chunks of flesh {@w0}
e - a scroll labeled GOTYTS SEFIS
h - a scroll labeled HOUMEK GIOPS A hobgoblin comes into view.
The hobgoblin shouts!
You block the hobgoblin's attack.
You closely miss the hobgoblin. You block the hobgoblin's attack.
You closely miss the hobgoblin. You block the hobgoblin's attack.
You hit the hobgoblin. The hobgoblin hits you.
You block the hobgoblin's attack.
You take 1 damage, and have 17/18 hp.
You closely miss the hobgoblin. You block the hobgoblin's attack.
You closely miss the hobgoblin. The hobgoblin hits you.
The hobgoblin closely misses you.
You take 3 damage, and have 14/18 hp.
You closely miss the hobgoblin. The hobgoblin hits you.
You take 1 damage, and have 13/18 hp.
You hit the hobgoblin.
The hobgoblin hits you but does no damage.
You completely miss the hobgoblin. The hobgoblin barely misses you.
The hobgoblin closely misses you.
You hit the hobgoblin.
You kill the hobgoblin!
No target in view!
A kobold comes into view. It is wielding a dagger.
The kobold shouts!
The kobold throws a stone.
You block the stone.
You see here a stone.
You sock the kobold!
You kill the kobold!
No target in view!
No target in view!
No target in view!
Things that are here:
a dagger; a kobold corpse You butcher the kobold corpse.
Things that are here:
a dagger; 3 inedible chunks of flesh {@w0}
Things that are here:
a dagger; 3 inedible chunks of flesh {@w0}
Found a stone staircase leading down.
Health restored: 18 No target in view!
A kobold comes into view. It is wielding a dagger.
The kobold shouts!
The kobold moves out of view.
Found a stone staircase leading down.
A rat comes into view.
You thump the kobold!
You kill the kobold!
The rat twitches its whiskers.
You see here a fizzy silvery potion.
You closely miss the rat. The rat bites you.
You take 3 damage, and have 15/18 hp.
You closely miss the rat. You block the rat's attack.
You block the rat's attack.
Your scale mail prevents you from hitting the rat.
You block the rat's attack.
You closely miss the rat. You block the rat's attack.
You block the rat's attack.
You closely miss the rat. You block the rat's attack.
You thump the rat!
You kill the rat!
No target in view!
You see here a rat corpse.
You butcher the rat corpse.
g - 3 chunks of flesh {@w0} (gained 1)
i - a fizzy silvery potion
Things that are here:
a dagger; a kobold corpse
There is a stone staircase leading down here.
An ooze comes into view.
The ooze quivers.
The ooze barely misses you.
Your shield and scale mail prevent you from hitting the ooze.
The ooze hits you. The ooze hits you but does no damage.
You take 1 damage, and have 16/18 hp.
You thump the ooze! The ooze hits you.
You take 2 damage, and have 14/18 hp.
Your shield and scale mail prevent you from hitting the ooze.
You block the ooze's attack. The ooze hits you.
You thump the ooze!
You kill the ooze!
Your Maces & Flails skill increases to level 2!
You have reached level 2!
Your demonic ancestry asserts itself...
Your fingernails lengthen.
You regained 4 hp, and now have 18/24 hp.
MP restored: 2

......# #(##.# #.# #..
......####.##.#######.#
#.#
......>...............#
#.#
...........(..###.#####
#.# .......##########.#
.......# #..# .###...#
#.## ## #.## #@# # .#
#.# # .# #.# #.# ..#
###


There were no monsters in sight!

Vanquished Creatures
  An ooze (D:1)
  A goblin (D:1)
  A hobgoblin (D:1)
  2 kobolds (D:1)
  A rat (D:1)
6 creatures vanquished.

Notes
Turn   | Place    | Note
--------------------------------------------------------------
     0 | D:1      | Raultor the Demonspawn Fighter began the quest for the Orb.
     0 | D:1      | Reached XP level 1. HP: 18/18 MP: 1/1
   159 | D:1      | Reached skill level 2 in Maces & Flails
   159 | D:1      | Gained mutation: You have sharp fingernails. [demonic ancestry]
   159 | D:1      | Reached XP level 2. HP: 18/24 MP: 2/2
   160 | D:1      | Quit the game

Vault maps used:
D:1:      minmay_arrival_four_circles

Action                   || total
-------------------------++-------
Melee: Flail             ||    24

Vault maps used:
D:1:      minmay_arrival_four_circles

Table legend:
 A = Turns spent in this place as a percentage of turns spent in the entire game.
 B = Non-inter-level travel turns spent in this place as a percentage of non-inter-level travel turns spent in the entire game.
 C = Inter-level travel turns spent in this place as a percentage of turns spent in this place.
 D = Turns resting spent in this place as a percentage of non-inter-level travel turns spent in this place.
 E = Turns spent auto-exploring this place as a percentage of non-inter-level travel turns spent in this place.
 F = Non-inter-level travel turns spent in this place divided by the number of levels of this place that you've seen.
                   A       B       C       D       E      F
               +-------+-------+-------+-------+-------+----------------------
         Total | 100.0 | 100.0 |   0.0 |   0.0 |  16.7 |  60.0
       Dungeon | 100.0 | 100.0 |   0.0 |   0.0 |  16.7 |  60.0
               +-------+-------+-------+-------+-------+----------------------

Table legend:
 A = Kills in this place as a percentage of kills in entire the game.
 B = Kills by you in this place as a percentage of kills by you in the entire game.
 C = Kills by friends in this place as a percentage of kills by friends in the entire game.
 D = Other kills in this place as a percentage of other kills in the entire game.
 E = Experience gained in this place as a percentage of experience gained in the entire game.
 F = Experience gained in this place divided by the number of levels of this place that you have seen.
                   A       B       C       D       E      F
               +-------+-------+-------+-------+-------+----------------------
         Total | 100.0 | 100.0 |  -nan |  -nan | 100.0 |  15.0
       Dungeon | 100.0 | 100.0 |  -nan |  -nan | 100.0 |  15.0
               +-------+-------+-------+-------+-------+----------------------
